 Dungeon Crawl Stone Soup version 0.30-a0-629-gd54f4be4f7 (webtiles) character file.

Game seed: 17121889573547788884

2168 bande the Cleaver (level 9, -9/55 HPs)
             Began as a Gargoyle Fighter on Jan 12, 2023.
             Mangled by a hornet (13 damage)
             ... on level 7 of the Dungeon.
             The game lasted 00:08:20 (5668 turns).

bande the Cleaver (Gargoyle Fighter)                Turns: 5668, Time: 00:08:20

Health: -9/55      AC: 16    Str: 20    XL:     9   Next: 32%
Magic:  9/9        EV: 10    Int:  9    God:
Gold:   183        SH:  6    Dex: 19    Spells: 8/8 levels left

rFire   + . .      SeeInvis .    a - +1 war axe (elec)
rCold   . . .      Faith    +    c - +0 buckler
rNeg    + . .      Spirit   .    m - +2 ring mail {rF+}
rPois   ∞          Reflect  .    (no helmet)
rElec   +          Harm     .    (no cloak)
rCorr   .          Rampage  .    s - +0 pair of gloves
Will    +....                    (no boots)
Stlth   +                        n - amulet of faith
HPRegen 0.29/turn                w - ring of willpower
MPRegen 0.11/turn                i - +6 ring of dexterity

@: no status effects
A: sickness immunity, AC +6, negative energy resistance 1, electricity
resistance, torment resistance 1, petrification resistance
a: no special abilities


You were on level 7 of the Dungeon.
You visited 1 branch of the dungeon, and saw 7 of its levels.

You collected 243 gold pieces.
You spent 60 gold pieces at shops.

Inventory:

Hand Weapons
 a - a +1 war axe of electrocution (weapon)
 p - a +0 war axe
Armour
 c - a +0 buckler (worn)
 m - a +2 ring mail of fire resistance (worn)
 s - a +0 pair of gloves (worn)
Jewellery
 b - a ring of protection from fire
 i - a +6 ring of dexterity (right hand)
 l - a +6 ring of intelligence
 n - an amulet of faith (around neck)
 r - a +6 ring of intelligence
 w - a ring of willpower (left hand)
Scrolls
 k - 6 scrolls of teleportation
 o - 5 scrolls of enchant weapon
 t - a scroll of amnesia
Potions
 d - 2 potions of might
 e - 3 potions of brilliance
 f - a potion of mutation
 g - a potion of invisibility
 h - a potion of cancellation
 j - 4 potions of curing
 q - a potion of attraction {unknown}
 u - a potion of heal wounds
 v - a potion of berserk rage {unknown}


   Skills:
 + Level 6.2 Fighting
 + Level 8.3 Axes
 + Level 6.7 Armour
 + Level 5.2 Shields


You had 8 spell levels left.
You didn't know any spells.
Your spell library contained the following spells:

 Spells                   Type           Power      Damage    Failure   Level
 Foxfire                  Conj/Fire      0%         2x1d4     63%         1
 Magic Dart               Conj           0%         1d3       63%         1
 Searing Ray              Conj           0%         2d4       77%         2
 Fulminant Prism          Conj/Hex       0%         3d5       100%        4
 Fireball                 Conj/Fire      0%         3d3       100%        5
 Starburst                Conj/Fire      0%         6d3       100%        6


Dungeon Overview and Level Annotations

Branches:
Dungeon (7/15)
 Temple: D:4-7

Altars:
Cheibriados
Elyvilon
The Shining One

Shops:
D:3 (   D:5 !


Innate Abilities, Weirdness & Mutations

You are immune to sickness and miasma.
Your stone body is resilient. (AC +6)
You are immune to poison.
You resist negative energy. (rN+)
You are resistant to electric shocks. (rElec)
You are resistant to unholy torment.
You are immune to petrification.


Message History

You struggle against the net.
A gnoll comes into view. It is wielding a +0 spear.
A gnoll comes into view. It is wielding a +0 club.
You struggle against the net.
The gnoll shouts! x2
A gnoll bouda comes into view. It is wielding a +0 whip.
You struggle against the net.
You shred the net and break free!
The gnoll bouda shouts!
You block the hornet's attack.
A gnoll comes into view. It is wielding a +0 halberd.
The hornet stings you! The hornet attacks as you move away!
The hornet barely misses you. The hornet stings you.
The gnoll bouda barks out a call to the hunt!
The gnolls pick up the pace!
You hear a shout!
The hornet stings you!
The hornet stings you but does no damage.
The gnoll throws a throwing net.
The throwing net closely misses you.
You see here a throwing net.
You block the hornet's attack.
The gnoll hits you from afar with a +0 spear.
You block the gnoll's attack.
The hornet stings you but does no damage.
The hornet attacks as you move away! You block the hornet's attack.
The gnoll bouda gazes fiercely through you!
You feel your attacks grow feeble. The hornet stings you.
The hornet stings you!
* * * LOW HITPOINT WARNING * * *
Your attacks no longer feel as feeble.
You block the hornet's attack. The hornet attacks as you move away!
The hornet stings you but does no damage.
There is a stone staircase leading up here.
The hornet stings you!
* * * LOW HITPOINT WARNING * * *
The hornet stings you!
You die...

##### ## ##...##
.. #.....#######
.###.#....gg.g.gg#
......>....g####g#
.g#...#...#.# #g#
#...##.##.# #g#
........##.# #y#
.##?#.#####.# #@#
.... #.# #.# ..#..
..# #.# ... .. ###
#.# #.# #.# #.#
#..


You could see a hornet and 5 gnolls.

Vanquished Creatures
  The ghost of CraigOfTheCreek the Poker, an amateur GnRe (D:6)
  6 yaks
  Duvessa (D:5)
  A water moccasin (D:6)
  An ice beast (D:6)
  A black bear (D:6)
  A necrophage (D:6)
  A bullfrog (D:6)
  4 scorpions
  Dowan (D:5)
  A jelly (D:4)
  A hound (D:5)
  An orc priest (D:6)
  Jessica (D:3)
  2 iguanas
  An orc wizard (D:4)
  A gnoll (D:1)
  10 adders
  A shadow imp (D:6)
  2 white imps
  3 dart slugs
  9 orcs
  3 endoplasms
  5 giant cockroaches
  6 goblins
  5 hobgoblins
  9 jackals
  3 kobolds
  7 quokkas
  6 ball pythons
  5 bats
  6 frilled lizards
  4 rats
110 creatures vanquished.

Vanquished Creatures (others)
  9 plants
9 creatures vanquished.

Grand Total: 119 creatures vanquished

Notes
Turn   | Place    | Note
-------+----------+-------------------------------------------
     0 | D:1      | bande the Gargoyle Fighter began the quest for the Orb.
     0 | D:1      | Reached XP level 1. HP: 14/14 MP: 1/1
    55 | D:1      | Reached XP level 2. HP: 19/19 MP: 2/2
    59 | D:1      | Reached skill level 2 in Axes
   180 | D:1      | Reached XP level 3. HP: 12/24 MP: 3/3
   697 | D:2      | Found a glowing golden altar of the Shining One.
   828 | D:2      | Reached XP level 4. HP: 29/29 MP: 4/4
  1053 | D:2      | Found a snail-covered altar of Cheibriados.
  1587 | D:3      | Found Moly's Weapon Shop.
  1723 | D:3      | Reached skill level 3 in Axes
  1788 | D:3      | Noticed Jessica
  1794 | D:3      | Killed Jessica
  1795 | D:3      | Reached XP level 5. HP: 19/33 MP: 5/5
  2855 | D:4      | Found a white marble altar of Elyvilon.
  3086 | D:5      | Entered Level 5 of the Dungeon
  3215 | D:5      | Noticed a yak
  3216 | D:5      | Noticed a yak
  3216 | D:5      | Noticed a yak
  3216 | D:5      | Noticed a yak
  3228 | D:5      | Noticed a yak
  3237 | D:4      | Killed a yak
  3238 | D:4      | Reached skill level 4 in Axes
  3238 | D:4      | Reached XP level 6. HP: 25/38 MP: 6/6
  3486 | D:5      | Noticed a yak
  3491 | D:4      | Killed a yak
  3492 | D:4      | Reached skill level 5 in Armour
  3492 | D:4      | Reached XP level 7. HP: 35/44 MP: 7/7
  3631 | D:4      | Killed a yak
  3632 | D:4      | Reached skill level 5 in Axes
  3640 | D:4      | Killed a yak
  4000 | D:4      | Killed a yak
  4001 | D:4      | Reached skill level 5 in Fighting
  4001 | D:4      | Reached skill level 6 in Axes
  4001 | D:4      | Reached XP level 8. HP: 18/49 MP: 8/8
  4214 | D:5      | Killed a yak
  4429 | D:5      | Noticed Dowan
  4430 | D:5      | Noticed Duvessa
  4437 | D:5      | Killed Duvessa
  4439 | D:5      | Killed Dowan
  4464 | D:5      | Reached skill level 7 in Axes
  4716 | D:5      | Found Tuenel's Distillery.
  4719 | D:5      | Bought a potion of heal wounds for 50 gold pieces
  4719 | D:5      | Bought a potion of degeneration for 10 gold pieces
  5131 | D:6      | Reached XP level 9. HP: 51/55 MP: 9/9
  5184 | D:6      | Reached skill level 5 in Shields
  5277 | D:6      | Reached skill level 8 in Axes
  5483 | D:6      | Found a large runed translucent door.
  5483 | D:6      | Found a large runed translucent door.
  5486 | D:6      | Noticed CraigOfTheCreek's ghost (amateur GnRe)
  5595 | D:6      | Killed CraigOfTheCreek's ghost
  5648 | D:7      | Noticed a hornet
  5668 | D:7      | Mangled by a hornet

Illustrated notes

Levels and vault maps discovered:
D:1:      scummos_arrival_checkerplants, layout_basic
D:2:      wad_woods_stonehenge, layout_basic, basic_altar
D:3:      kb_forest_paths, layout_basic, serial_shops, shop,
          chequers_serial_rivers_marsh, uniq_jessica
D:4:      layout_basic, nicolae_elyvilon_temple_path
D:5:      layout_basic, serial_shops, kennysheep_mini, uniq_duvessa
D:6:      layout_rooms, ebering_ghost_disaster_area,
          amcnicky_mini_rare_corridor_liquid
D:7:      layout_loops_cross, minmay_temple_entry_mini_moons, serial_shops,
          kennysheep_little_box

Skill      XL: |  1  2  3  4  5  6  7  8  9 |
---------------+----------------------------+-----
Axes           | 2 3 4 6 7 8 |  8.3
Armour         | 4 5 6 |  6.7
Fighting       | 4 5 6 |  6.2
Shields        | 4 5 |  5.2

Action                   |  1- 3 |  4- 6 |  7- 9 || total
-------------------------+-------+-------+-------++-------
Melee: War axe           |    79 |   110 |   117 ||   306
  Use: Scroll            |       |    16 |       ||    16
Armor: Scale mail        |    41 |       |       ||    41
       Ring mail         |    14 |    60 |    47 ||   121
Dodge: Dodged            |    66 |    52 |    57 ||   175
Block: Buckler           |    21 |    28 |    47 ||    96

Table legend: (Time is in decaauts)
 A = Elapsed time spent in this place.
 B = Non-inter-level travel time spent in this place.
 C = Inter-level travel time spent in this place.
 D = Time resting spent in this place.
 E = Time spent auto-exploring this place.
 F = Levels seen in this place.
 G = Mean time per level.
                   A        B        C        D        E       F      G
               +--------+--------+--------+--------+--------+-----+--------+
         Total |   5785 |   5563 |    222 |   1180 |   3450 |   7 |  826.4 |
       Dungeon |   5785 |   5563 |    222 |   1180 |   3450 |   7 |  826.4 |
               +--------+--------+--------+--------+--------+-----+--------+

Top non-repeatable levels by time:
     D:4: 1599 daAuts
     D:3: 1117 daAuts
     D:2: 910 daAuts
     D:5: 853 daAuts
     D:1: 682 daAuts
     D:6: 583 daAuts
     D:7: 37 daAuts
